 Dungeon Crawl Stone Soup version 0.28.0-47-ge53b351184 (webtiles) character file.

Game seed: 18334594410347344874

3621 pkoi the Destroyer (level 9, -6/67 HPs)
             Began as a Demigod Conjurer on May 5, 2022.
             Mangled by a skeletal warrior
             ... wielding a +0 glaive
             ... led by a skeletal warrior
              (33 damage)
             ... on level 8 of the Dungeon.
             The game lasted 00:17:25 (12432 turns).

pkoi the Destroyer (Demigod Conjurer)              Turns: 12432, Time: 00:17:26

Health: -6/67      AC:  7    Str:  8    XL:     9   Next: 56%
Magic:  20/28      EV: 13    Int: 39    God:
Gold:   452        SH:  5    Dex: 16    Spells: 5/16 levels left

rFire   . . .      SeeInvis +   n - +3 short sword (holy)
rCold   + . .      Faith    .   (no shield)
rNeg    + + +      Spirit   .   b - +0 robe of the Locust {Drain rCorr Int+7 Dex+4}
rPois   +          Reflect  +   j - +1 helmet
rElec   .          Harm     .   G - +2 cloak
rCorr   +          Rampage  .   (no gloves)
Will    .....                   (no boots)
Stlth   ++........              l - amulet of reflection
HPRegen 0.21/turn               z - ring of Starshine {Drain rPois rC+ rN+++ SInv}
MPRegen 0.21/turn               g - ring of magical power

@: no status effects
A: high MP 1, forlorn, divine attributes
a: no special abilities


You were on level 8 of the Dungeon.
You visited 1 branch of the dungeon, and saw 8 of its levels.
You also visited: Sewer.

You collected 452 gold pieces.

Inventory:

Hand Weapons
 n - a +3 short sword of holy wrath (weapon)
 s - a +2 rapier of draining
Missiles
 x - 12 poisoned darts
Armour
 a - a +0 robe
 b - the +0 robe of the Locust (worn) {Drain rCorr Int+7 Dex+4}
   (You found it on level 7 of the Dungeon)

   Int:       It affects your intelligence (+7).
   Dex:       It affects your dexterity (+4).
   rCorr:     It protects you from acid and corrosion.
   Drain:     It drains your maximum health when unequipped.
 j - a +1 helmet (worn)
 w - a +0 robe of fire resistance
 G - a +2 cloak (worn)
Jewellery
 d - a ring of fire
 g - a ring of magical power (right hand)
 l - an amulet of reflection (around neck)
 p - a ring of ice
 z - the ring of Starshine (left hand) {Drain rPois rC+ rN+++ SInv}
   (You acquired it on level 6 of the Dungeon)

   [ring of protection from cold]

   rC:        It protects you from cold.
   rPois:     It protects you from poison.
   rN:        It renders you almost immune to negative energy.
   SInv:      It lets you see invisible.
   Drain:     It drains your maximum health when unequipped.
Wands
 c - a wand of iceblast (10)
 k - a wand of flame (39)
 r - a wand of digging (10)
 t - a wand of mindburst (3)
Scrolls
 i - 5 scrolls of identify
 v - a scroll of enchant armour
 C - 5 scrolls of teleportation
Potions
 f - 2 potions of brilliance
 h - a potion of mutation
 m - 2 potions of haste
 o - a potion of might
 q - 2 potions of invisibility
 u - a potion of curing
 A - a potion of heal wounds
 B - 4 potions of flight
 D - 3 potions of cancellation


   Skills:
 + Level 1.7 Fighting
 + Level 1.7 Armour
 + Level 2.8 Dodging
 - Level 1.7 Stealth
 + Level 4.4 Spellcasting
 - Level 10.0 Conjurations
 + Level 4.5 Hexes
 - Level 5.0 Translocations


You had 5 spell levels left.
You knew the following spells:

 Your Spells              Type           Power      Damage    Failure   Level
a - Magic Dart            Conj           100%       1d8       1%          1
b - Searing Ray           Conj           100%       2d8       1%          2
c - Iskenderun's Mystic   Conj/Tloc      61%        2d13      1%          4
d - Fulminant Prism       Conj/Hex       30%        3d16      1%          4

Your spell library contained the following spells:

 Spells                   Type           Power      Damage    Failure   Level
 Conjure Flame            Conj/Fire      47%        6-21      1%          3
 Dazzling Flash           Conj/Hex       100%       N/A       1%          3
 Portal Projectile        Hex/Tloc       90%        N/A       1%          3
 Sticky Flame             Conj/Fire      47%        2d6       4%          4
 Call Canine Familiar     Summ           8%         N/A       10%         3
 Ignite Poison            Fire/Tmut/Pois 8%         N/A       10%         3
 Leda's Liquefaction      Hex/Erth       13%        N/A       13%         4
 Starburst                Conj/Fire      23%        6d8       54%         6


Dungeon Overview and Level Annotations

Branches:
Dungeon (8/15)             Temple (0/1) D:7           Sewer (visited)
   Lair: D:8-11

Shops:
D:1 (   D:2 =   D:6 *


Innate Abilities, Weirdness & Mutations

You have an increased reservoir of magic. (+10% MP)
You shall have no god before yourself.
Your divine heritage dramatically boosts your attributes as you level up.


Message History

There is an open door here.
There is a stone staircase leading up here.
d - a ring of fire
Found a long sword.
You see here a +0 long sword.
You hear the faint creaking of a very distant portcullis.
Found a scroll of identify. 2 skeletal warriors come into view.
The skeletal warrior moves out of view.
A skeletal warrior comes into view. It is wielding a +0 glaive.
A skeletal warrior comes into view. It is wielding a +0 halberd.
You see here a scroll of identify.
i - 5 scrolls of identify (gained 1)
The skeletal warrior barely misses you.
Casting: Iskenderun's Mystic Blast (dangerous; 1% risk of failure)
Confirm with . or Enter, or press ? or * to list all spells.
Aiming: Fulminant Prism (dangerous; 1% risk of failure)
Press: ? - help, Dir - move target You conjure a prism of explosive energy!
A fulminant prism comes into view.
The skeletal warrior hits you from afar with a +0 trident!!
* * * LOW HITPOINT WARNING * * *
The skeletal warrior hits you with a +0 dire flail.
* * * LOW HITPOINT WARNING * * *
The skeletal warrior hits you from afar with a +0 glaive!
* * * LOW HITPOINT WARNING * * *
Casting: Fulminant Prism (dangerous; 1% risk of failure)
Confirm with . or Enter, or press ? or * to list all spells.
You erupt in a blast of force!
The mystic blast hits the skeletal warrior but does no damage. x2
The mystic blast hits the skeletal warrior!
The skeletal warrior is lightly damaged.
The skeletal warrior is knocked back by the mystic blast.
The skeletal warrior collides with the skeletal warrior!
The skeletal warrior is lightly damaged.
The skeletal warrior hits you from afar with a +0 trident!
* * * LOW HITPOINT WARNING * * *
The skeletal warrior barely misses you.
The skeletal warrior hits you from afar with a +0 glaive!!
You die...

.#...# .#..## ...........#
##...# 8.........# .#...#
#.........# .....####
#####.........# ##...##.#
#...##......... #...##.#
+...++.........
#..[##.#####...##z*.......
#..............@zz......#
#....#.###############.##
#....#... #....#.....
#..#.#.###... #..#.#.. ..
#....... . #.......


You could see 3 skeletal warriors and a friendly fulminant prism.

Vanquished Creatures
  Pikel (D:5)
  Eustachio (D:4)
  Sigmund (D:5)
  Menkaure (D:5)
  A water moccasin (D:5)
  Duvessa (D:7)
  An orc warrior (D:7)
  A sky beast (D:8)
  2 black bears (D:5)
  2 necrophages
  4 ogres
  A lemure (D:4)
  A phantom (D:6)
  3 kobold brigands
  2 bullfrogs
  A wyvern zombie (D:5)
  5 scorpions
  Dowan (D:7)
  2 centaur zombies
  A bullfrog skeleton (D:6)
  A hound (D:7)
  5 jellies
  3 orc priests
  A gnoll shaman (D:7)
  A centaur skeleton (D:7)
  An orc wizard (D:7)
  Natasha (D:4)
  Robin (D:3)
  7 gnolls
  11 adders
  7 river rats (Sewer)
  An adder skeleton (D:4)
  3 worms
  3 dart slugs
  10 orcs
  12 ball pythons
  7 endoplasms
  9 giant cockroaches
  13 goblins
  13 hobgoblins
  11 jackals
  17 kobolds
  7 quokkas
  12 bats
  6 frilled lizards
  6 rats
202 creatures vanquished.

Vanquished Creatures (others)
  18 fulminant prisms
18 creatures vanquished.

Grand Total: 220 creatures vanquished

Notes
Turn   | Place    | Note
-------+----------+-------------------------------------------
     0 | D:1      | pkoi the Demigod Conjurer began the quest for the Orb.
     0 | D:1      | Reached XP level 1. HP: 14/14 MP: 5/5
   272 | D:1      | Reached skill level 4 in Conjurations
   469 | D:1      | Reached XP level 2. HP: 20/20 MP: 4/7
   864 | D:1      | Learned a level 2 spell: Searing Ray
  1003 | D:1      | Found Zualo's Weapon Boutique.
  1124 | D:1      | Reached XP level 3. HP: 26/26 MP: 5/8
  1561 | D:1      | Reached skill level 5 in Conjurations
  2401 | D:2      | Found Gipt's One-of-a-Kind Rings.
  2434 | D:3      | Reached XP level 4. HP: 33/33 MP: 7/9
  3103 | D:3      | Noticed Robin
  3137 | D:3      | Killed Robin
  3645 | D:4      | Noticed Eustachio
  3757 | D:4      | Noticed a necrophage
  3764 | D:4      | Killed a necrophage
  3765 | D:4      | Reached skill level 6 in Conjurations
  3765 | D:4      | Reached XP level 5. HP: 38/38 MP: 1/11
  4292 | D:4      | Noticed Natasha
  4299 | D:4      | Killed Natasha
  4429 | D:4      | Reached XP level 6. HP: 45/45 MP: 10/12
  4438 | D:4      | Learned a level 4 spell: Iskenderun's Mystic Blast
  4814 | D:4      | Killed Eustachio
  4815 | D:4      | Reached skill level 7 in Conjurations
  4815 | D:4      | Reached skill level 1 in Translocations
  5151 | D:5      | Entered Level 5 of the Dungeon
  5257 | D:5      | Reached XP level 7. HP: 13/50 MP: 0/15
  6196 | D:5      | Learned a level 4 spell: Fulminant Prism
  6536 | D:5      | Noticed Pikel
  6751 | D:5      | Noticed Menkaure
  6757 | D:5      | Killed Menkaure
  6758 | D:5      | Reached skill level 8 in Conjurations
  6758 | D:5      | Reached skill level 1 in Hexes
  6950 | D:5      | Reached XP level 8. HP: 50/57 MP: 10/17
  7086 | D:5      | Noticed Sigmund
  7104 | D:5      | Killed Sigmund
  7175 | D:5      | Killed Pikel
  7176 | D:5      | Reached skill level 9 in Conjurations
  8583 | D:6      | Found Dirimebi's Elemental Accessories.
  8635 | D:6      | Reached XP level 9. HP: 53/62 MP: 5/18
  8771 | D:6      | Identified a scroll of acquirement
  8771 | D:6      | Acquired the ring of Starshine {Drain rPois rC+ rN+++ SInv}
  8803 | D:6      | Found a glowing drain.
  8818 | Sewer    | Entered a sewer
 10556 | D:7      | Reached skill level 5 in Translocations
 10771 | D:7      | Noticed Duvessa
 10771 | D:7      | Noticed Dowan
 10786 | D:7      | Killed Duvessa
 10787 | D:7      | Reached skill level 10 in Conjurations
 10789 | D:7      | Killed Dowan
 10980 | D:7      | Reached skill level 1 in Fighting
 10980 | D:7      | Reached skill level 1 in Armour
 11345 | D:7      | Found a staircase to the Ecumenical Temple.
 11383 | D:7      | Identified the +0 robe of the Locust {Drain rCorr Int+7
                  | Dex+4}
 12423 | D:8      | Noticed a skeletal warrior
 12423 | D:8      | Noticed a skeletal warrior
 12424 | D:8      | Noticed a skeletal warrior
 12425 | D:8      | Noticed a skeletal warrior
 12432 | D:8      | Mangled by a skeletal warrior

Illustrated notes

Levels and vault maps discovered:
D:1:      heliophobic_arrival_glass_houses, layout_rooms, serial_shops,
          nicolae_shop_bloodbath_and_beyond, chequers_serial_rivers_marsh,
          minmay_vboxes
D:2:      layout_rooms, dreamdust_ecumenical_altar_hidden_monk_grotto,
          basic_altar, chequers_hall_statues_y, nicolae_shop_unique_rings
D:3:      layout_basic, nicolae_overflow_squiral, uniq_robin
D:4:      cheibrodos_quashed, layout_gridville, uniq_eustachio, uniq_natasha
D:5:      wander_river, layout_layer_cave, eino_curves_04, minmay_statues_item,
          uniq_pikel, uniq_menkaure, uniq_sigmund
D:6:      layout_cave_pools, nicolae_qazlal_general_emergency, fedhas_altar_1,
          gup_sewer_entry_glass, nicolae_elemental_shop
D:7:      layout_loops_ring, minmay_temple_entry_tees, serial_co_window_serial,
          co_window_paths_b, co_window_paths_b, co_window_paths_a,
          co_window_paths_b, co_window_paths_b, co_window_2corner,
          co_window_2corner, co_window_corner_cb, co_window_corner_ca,
          co_window_corner_b, co_window_2corner, co_window_of_opportunity_b,
          glass_columns_a, glass_columns_b, glass_columns_b, glass_columns_c,
          kennysheep_small_circle, uniq_duvessa
D:8:      kennysheep_six_static_rooms, layout_basic, minitemple, enter_bailey_7,
          minmay_hollow_rounded_squares, uniq_grum

Skill      XL: |  1  2  3  4  5  6  7  8  9 |
---------------+----------------------------+-----
Conjurations   | 4 5 6 7 8 9 10 | 10.0
Spellcasting   | 2 3 4 |  4.4
Translocations | 1 3 4 5 |  5.0
Hexes          | 1 3 4 |  4.5
Dodging        | 2 |  2.8
Fighting       | 1 |  1.7
Armour         | 1 |  1.7
Stealth        | |  1.7

Action                   |  1- 3 |  4- 6 |  7- 9 || total
-------------------------+-------+-------+-------++-------
Melee: Dagger            |     2 |       |       ||     2
       Short sword       |       |     2 |    19 ||    21
       Rapier            |       |       |    11 ||    11
 Cast: Magic Dart        |   109 |    97 |   153 ||   359
       Searing Ray       |       |    10 |    14 ||    24
       Iskenderun's Myst |       |       |    28 ||    28
       Fulminant Prism   |       |       |    19 ||    19
Evoke: Wand              |       |       |     5 ||     5
  Use: Scroll            |       |     5 |    12 ||    17
       Potion            |       |     3 |       ||     3
Armor: Robe              |     4 |     8 |    21 ||    33
Dodge: Dodged            |    16 |    18 |    66 ||   100
Block: Other             |     2 |    12 |    28 ||    42
